 Dungeon Crawl Stone Soup version 0.28-a0-622-gbaef9634d7 (webtiles) character file.

Game seed: 11828457528930867170

31 Iscandelvey the Vexing (level 3, -1/26 HPs)
             Began as a Demonspawn Arcane Marksman on Oct 7, 2021.
             Was an Initiate of Sif Muna.
             Slain by a hobgoblin (4 damage)
             ... on level 2 of the Dungeon.
             The game lasted 00:01:24 (992 turns).

Iscandelvey the Vexing (Demonspawn Arcane Marksman)  Turns: 992, Time: 00:01:24

Health: -1/26      AC:  2    Str: 10    XL:     3   Next: 7%
Magic:  5/5        EV: 12    Int: 15    God:    Sif Muna [......]
Gold:   8          SH:  0    Dex: 13    Spells: 5/5 levels left

rFire   . . .      SeeInvis .   a - +0 hunting sling
rCold   . . .      Faith    .   (no shield)
rNeg    . . .      Spirit   .   d - +0 robe
rPois   .          Reflect  .   (no helmet)
rElec   .          Harm     .   (no cloak)
rCorr   .          Rampage  .   (no gloves)
Will    .....                   (no boots)
Stlth   +.........              (no amulet)
HPRegen 0.08/turn               (no ring)
MPRegen 0.09/turn               (no ring)

@: no status effects
A: claws 1
a: Renounce Religion


You were on level 2 of the Dungeon.
You worshipped Sif Muna.
Sif Muna was noncommittal.
You visited 1 branch of the dungeon, and saw 2 of its levels.

You collected 8 gold pieces.

Inventory:

Hand Weapons
 a - a +0 hunting sling (weapon)
Missiles
 b - 3 stones
 c - 35 sling bullets (quivered ammo)
Armour
 d - a +0 robe (worn)
Scrolls
 g - a scroll of fog {unknown}
 h - a scroll of magic mapping {unknown}
Potions
 e - 2 potions of mutation {unknown}
 f - 2 potions of heal wounds {unknown}


   Skills:
 - Level 1.0 Fighting
 - Level 1.7(1.8) Slings
 + Level 0.5(1.2) Throwing
 + Level 0.4 Armour
 + Level 1.9 Dodging
 + Level 0.5 Stealth
 * Level 1.6 Spellcasting
 * Level 3.4 Hexes


You had 5 spell levels left.
You didn't know any spells.
Your spell library contained the following spells:

 Spells                   Type           Power      Damage    Failure   Level
 Slow                     Hex            11%        N/A       9%          2
 Dazzling Flash           Conj/Hex       12%        N/A       34%         3
 Inner Flame              Hex/Fire       6%         N/A       34%         3
 Portal Projectile        Hex/Tloc       12%        N/A       34%         3
 Cause Fear               Hex            5%         N/A       50%         4
 Silence                  Hex/Air        3%         N/A       97%         5
 Agony                    Necr           1%         N/A       100%        5


Dungeon Overview and Level Annotations

Branches:
Dungeon (2/15)

Altars:
Sif Muna

Annotations:
D:2 Robin


Innate Abilities, Weirdness & Mutations

You have sharp fingernails.


Message History

A goblin comes into view. It is wielding a +0 club.
The goblin hits you with a +0 dagger.
A hobgoblin comes into view.
The hobgoblin hits you. The hobgoblin barely misses you.
The goblin hits you with a +0 dagger.
Robin roars a battlecry!
The goblins go into a battle-frenzy!
You hear a shout!
A hobgoblin comes into view.
The hobgoblin shouts!
You hear a shout! x2
A hobgoblin comes into view.
A goblin comes into view. It is wielding a +0 club.
The goblin shouts!
Robin throws the goblin at you!
A goblin comes into view. It is wielding a +0 dagger.
The goblin hits you with a +0 dagger. The goblin closely misses you.
Robin roars a battlecry!
The goblins go into a battle-frenzy!
The goblin shouts!
You hear a shout!
A hobgoblin comes into view.
The hobgoblin hits you.
* * * LOW HITPOINT WARNING * * *
A hobgoblin comes into view.
The hobgoblin no longer looks unusually strong.
Robin roars a battlecry!
The hobgoblins go into a battle-frenzy!
The hobgoblin enters a dispersal trap!
The hobgoblin blinks! x2
The goblin blinks!
The hobgoblin blinks!
The goblin blinks!
Robin blinks!
The hobgoblin blinks!
The goblin blinks!
The hobgoblin misses you.
Robin roars a battlecry!
The hobgoblin goes into a battle-frenzy!
The hobgoblin hits you.
* * * LOW HITPOINT WARNING * * *
You hear a shout!
The goblin no longer looks unusually strong.
Robin throws the goblin at you!
* * * LOW HITPOINT WARNING * * *
The hobgoblin hits you.
You die...

....##.........####..... .
#..##.........####.##.. ...
#.##....g.§..^.......#
....##........g..g....#####
.....................g.#
##....)..g....#.>..#
#.............#.g.##
######.#..[.g.§.g..#.###
#......#..#@...§§.§g.#
#####.####....g.g....#.###
#..<....)..###..........#
#..........# #.._.......#
#......>...# #.....g....#
############ #..........#
#####...[..# #......#
########


You could see Robin, 5 hobgoblins and 3 goblins.

Vanquished Creatures
  A dart slug (D:2)
  3 ball pythons (D:1)
  5 bats (D:1)
  2 endoplasms
  A giant cockroach (D:1)
  3 goblins
  3 hobgoblins
  A frilled lizard (D:1)
  4 kobolds
  2 rats (D:1)
25 creatures vanquished.

Vanquished Creatures (others)
  3 plants (D:2)
3 creatures vanquished.

Grand Total: 28 creatures vanquished

Notes
Turn   | Place    | Note
-------+----------+-------------------------------------------
     0 | D:1      | Iscandelvey the Demonspawn Arcane Marksman began the quest
                  | for the Orb.
     0 | D:1      | Reached XP level 1. HP: 15/15 MP: 2/2
   225 | D:1      | Gained mutation: You have sharp fingernails. [demonic
                  | ancestry]
   225 | D:1      | Reached XP level 2. HP: 21/21 MP: 3/3
   908 | D:2      | Found a shimmering blue altar of Sif Muna.
   926 | D:2      | Became a worshipper of Sif Muna the Loreminder
   944 | D:2      | Reached XP level 3. HP: 26/26 MP: 5/5
   962 | D:2      | Noticed Robin
   992 | D:2      | Slain by a hobgoblin

Illustrated notes

Levels and vault maps discovered:
D:1:      nicolae_arrival_washed_ashore, layout_rooms, minivault_25
D:2:      layout_rooms, basic_altar, amethyst_killhole, serial_bayou_lagoon_a,
          minmay_misc_feat_chi, uniq_robin, uniq_terence

Action                   || total
-------------------------++-------
 Fire: Hunting sling     ||    81
Armor: Robe              ||    15
Dodge: Dodged            ||    31

Table legend: (Time is in decaauts)
 A = Elapsed time spent in this place.
 B = Non-inter-level travel time spent in this place.
 C = Inter-level travel time spent in this place.
 D = Time resting spent in this place.
 E = Time spent auto-exploring this place.
 F = Levels seen in this place.
 G = Mean time per level.
                   A        B        C        D        E       F      G
               +--------+--------+--------+--------+--------+-----+--------+
         Total |   1000 |    974 |     26 |      0 |    798 |   2 |  500.0 |
       Dungeon |   1000 |    974 |     26 |      0 |    798 |   2 |  500.0 |
               +--------+--------+--------+--------+--------+-----+--------+

Top non-repeatable levels by time:
     D:1: 908 daAuts
     D:2: 92 daAuts
